 Dungeon Crawl Stone Soup version 0.17-a0-1837-g7c6a762 (webtiles) character file.

236780 DecibelRebel the Executioner (level 19, -35/191 HPs)
             Began as a Hill Orc Fighter on Sept 14, 2015.
             Was the Champion of Okawaru.
             Killed from afar by Mara (60 damage)
             ... with a bolt of fire
             ... on level 3 of the Spider Nest on Sept 15, 2015.
             The game lasted 04:02:04 (35524 turns).

DecibelRebel the Executioner (Hill Orc Fighter)    Turns: 35524, Time: 04:02:04

Health: -35/191    AC: 45    Str: 29    XL:     19   Next: 67%
Magic:  19/19      EV: 14    Int: 11    God:    Okawaru [******]
Gold:   3409       SH:  0    Dex: 12    Spells: 0 memorised, 18 levels left

rFire  x . .     SeeInvis .     K - +9 executioner's axe (venom)
rCold  + . .     Clarity  +     b - +8 orange crystal plate armour {Archmagi, Int+3 Clar SustAt}
rNeg   . . .     SustAt   +     (no shield)
rPois  +         Gourm    .     i - +2 hat
rElec  +         Spirit   .     q - +2 cloak {MR+}
rCorr  .         Warding  .     m - +0 pair of gloves "Cuic" {rC+}
rMut   .         Stasis   +     I - +0 pair of boots
MR     ++...                    l - amulet "Xutuin" {Stasis rPois}
Stlth  ..........               w - ring "Saofim" {*Drain +Fly rPois rF- Str+4}
                                Q - ring "Feebix" {rElec Slay+3}

@: heroism, very resistant to hostile enchantments, extremely unstealthy
A: antennae 1, repulsion field 1, camouflage 1, berserk 2, clarity
a: Heroism, Finesse, Renounce Religion, Evoke Flight
}: 1/15 runes: barnacled


You were on level 3 of the Spider Nest.
You worshipped Okawaru.
Okawaru was exalted by your worship.
You were not hungry.

You visited 6 branches of the dungeon, and saw 35 of its levels.
You visited the Abyss 2 times.
You also visited: Sewer, Bailey and Ice Cave.

You collected 3464 gold pieces.
You spent 55 gold pieces at shops.

Inventory:

Hand weapons
 K - a +9 executioner's axe of venom (weapon)
Armour
 b - the +8 orange crystal plate armour (worn) {Archmagi, Int+3 Clar SustAt}
   (You found it in a bailey)

   It affects your intelligence (+3).
   It sustains your strength, intelligence and dexterity.
   It protects you against confusion.
 d - the +2 chain mail "Fakhocka" {MR+}
   (Okawaru gifted it to you on level 1 of the Spider Nest)

   It affects your resistance to hostile enchantments.
 i - a +2 hat (worn)
 m - the +0 pair of gloves "Cuic" (worn) {rC+}
   (Okawaru gifted it to you on level 4 of the Orcish Mines)

   It protects you from cold.
 q - a +2 cloak of magic resistance (worn)
 I - a +0 pair of boots (worn)
 L - the +0 pair of gloves "Toejeom" {rPois rN++ Str-5 Stlth+}
   (Okawaru gifted it to you on level 3 of the Shoals)

   It affects your strength (-5).
   It protects you from poison.
   It greatly protects you from negative energy.
   It makes you more stealthy.
Jewellery
 g - a +5 ring of evasion
 h - an uncursed ring of magical power
 l - the amulet "Xutuin" (around neck) {Stasis rPois}
   (You found it on level 1 of the Shoals)

   [amulet of stasis]

   It prevents you from being teleported, slowed, hasted or paralysed.
   It protects you from poison.
 t - a +4 ring of evasion
 v - an uncursed amulet of regeneration
 w - the ring "Saofim" (right hand) {*Drain +Fly rPois rF- Str+4}
   (You found it on level 15 of the Dungeon)

   [ring of flight]

   It affects your strength (+4).
   It makes you vulnerable to fire.
   It protects you from poison.
   It lets you fly.
   It causes draining when unequipped.
 y - an uncursed ring of protection from fire
 B - an uncursed ring of see invisible {unknown}
 D - an uncursed amulet of the gourmand
 P - an uncursed ring of protection from magic
 Q - the ring "Feebix" (left hand) {rElec Slay+3}
   (You found it on level 6 of the Lair of Beasts)

   [ring of slaying]

   It affects your accuracy and damage with ranged weapons and melee attacks
   (+3).
   It insulates you from electricity.
 V - the ring "Yshrittio" {*Corrode +Inv rPois rN+}
   (You found it on level 4 of the Shoals)

   [ring of positive energy]

   It protects you from poison.
   It protects you from negative energy.
   It lets you turn invisible.
   It may corrode your equipment when you take damage.
 X - an uncursed ring of positive energy {unknown}
Magical devices
 a - a wand of fire (6)
 c - a wand of paralysis (9)
 H - a wand of disintegration (10)
 S - a wand of polymorph (23)
 U - a wand of enslavement (9)
Scrolls
 f - a scroll of silence {unknown}
 o - 2 scrolls of torment
 p - 16 scrolls of teleportation
 A - 5 scrolls of immolation
 C - a scroll of holy word {unknown}
 G - 10 scrolls of magic mapping
 J - 7 scrolls of remove curse
 O - 4 scrolls of fear
 R - a scroll of enchant weapon
 T - a scroll of enchant armour
Potions
 n - 3 potions of agility
 r - a potion of might
 s - 6 potions of haste
 u - 3 potions of cancellation
 x - 6 potions of magic
 z - 5 potions of flight
 E - 2 potions of resistance
Books
 F - a Grand Grimoire

   Spells                             Type                      Level
   a - Monstrous Menagerie            Summoning                    6
   b - Summon Greater Demon           Summoning                    7
   c - Malign Gateway                 Summoning/Translocation      7
   d - Summon Horrible Things         Summoning                    8
Comestibles
 e - 16 bread rations
 j - 12 meat rations
 M - a chunk of flesh
 W - 35 fruits


   Skills:
 * Level 22.0(27) Fighting
 - Level 26.0(27) Axes
 - Level 16.0(21.0) Armour
 + Level 8.3(13.3) Dodging
   Level 3.2(8.2) Shields


You had 18 spell levels left.
You didn't know any spells.

Dungeon Overview and Level Annotations

Branches:
Dungeon (15/15)            Temple (1/1) D:7            Lair (8/8) D:10
 Shoals (4/4) Lair:6       Spider (3/4) Lair:6        Slime (0/6) Lair:8
    Orc (4/4) D:10            Elf (0/3) Orc:3        Vaults (0/5) D:14
 Depths (0/5) D:15

Altars:
Ashenzari
Cheibriados
Dithmenos
Elyvilon
Fedhas
Gozag
Kikubaaqudgha
Nemelex Xobeh
Okawaru
Qazlal
Ru
Sif Muna
Trog
Vehumet
Xom
Yredelemnul
Zin
The Shining One
Beogh
Jiyva

Shops:
D:8 :   D:14 (   Orc:3 (   Orc:4 (!!:(

Portals:
Pandemonium: Orc:4

Annotations:
Spider:3 Mara


Innate Abilities, Weirdness & Mutations

You have a pair of small antennae on your head.
You are surrounded by a mild repulsion field (EV +2).
Your skin changes colour to match your surroundings (Stealth).
You often lose your temper in combat.
You possess an exceptional clarity of mind.


Message History

Mara hits you with a vampiric demon whip!
* * * LOW HITPOINT WARNING * * *
Mara draws strength from your injuries!
Drink which item? (? for menu, Esc to quit)
You feel better.
Mara gestures.
Mara blinks!
Mara gestures.
Mara blinks!
You are caught in the web!
There is a web here.
You disentangle yourself.
Mara gestures at you.
You easily resist.
You are caught in the web!
There is a web here.
You disentangle yourself.
Mara gestures at you. The bolt of fire hits you! The fire burns you terribly!
You die...

......###.....^.....##.#.# .##
.....^##...........###...# #.#
......##...^.......###...# #^#
.#...###..........###....## ###..
#.##.####......^..###.^...###^..#
.#.....###.........#......##.....
........###.......#.........#....
.........#.##^.#..#.......#.#....
..........######@#........##...^#
..........# #.##.......###..##
.........## #^##.......###.#.#
.........# #.#†.##...###.###.
.....§....######R.^.##.#####.....
......RR.#..#..R#^..###.###......
#.......#§§#R####...# #.##.......
#...<..#...#.###....# ##.........
......#...§#.##.....# #..#......


You could see 2 Maras.

Vanquished Creatures
  Norris (Spider:3)
  Arachne (Spider:2)
  A bone dragon (Abyss:1)
  An Ice Fiend (IceCv)
  5 krakens
  Polyphemus (Shoals:3)
  Gastronok (D:11)
  Agnes (Spider:3)
  Ilsuiw (Shoals:4)
  The ghost of Somebody the Earth Mage, a powerful OpEE of Cheibriados (Spider:2)
  3 ghost moths
  2 orc warlords
  An emperor scorpion (Spider:1)
  A draconian annihilator (Abyss:1)
  2 very ugly things
  The ghost of lordfwahfnah the Blocker, a powerful FoFi of Okawaru (Spider:1)
  8 merfolk javelineers
  11 merfolk impalers
  An ettin (D:14)
  Josephine (D:14)
  A fire dragon (D:14)
  An ice dragon (shapeshifter) (D:15)
  Erolcha (D:12)
  6 hydras
  5 catoblepae
  5 merfolk aquamancers (Shoals:4)
  A merfolk avatar (Shoals:4)
  3 alligator snapping turtles (Shoals:4)
  3 centaur warriors
  An ogre mage (D:14)
  A vampire mage (Abyss:1)
  A thrashing horror (Abyss:1)
  34 death yaks
  5 satyrs
  9 orc high priests
  A sun demon (Orc:4)
  Sonja (Lair:3)
  5 skeletal warriors (D:15)
  2 ice devils
  A deep troll (D:14)
  A phantasmal warrior (D:14)
  12 sea snakes
  6 hill giants
  A giant orange brain (D:15)
  An infernal demonspawn (Orc:4)
  A gelid demonspawn (Orc:4)
  An ice statue (IceCv)
  17 harpies
  4 unseen horrors
  A putrid demonspawn (Orc:4)
  3 starcursed masses (Abyss:1)
  7 wolf spiders
  An orb spider (shapeshifter) (D:15)
  A wizard (D:14)
  10 orb spiders
  6 water nymphs
  5 oklob plants (Lair:2)
  11 griffons
  2 ugly things
  14 fauns
  4 orc sorcerers (Orc:4)
  A moth of wrath (Spider:3)
  8 elephants
  2 sixfirhies (Abyss:1)
  A cyclops (shapeshifter) (D:14)
  12 manticores
  4 centaur zombies
  11 orc knights
  A worldbinder (Abyss:1)
  7 sirens
  6 cyclopes
  Maurice (D:12)
  A hornet (Spider:1)
  17 spiny frogs
  A gargoyle (D:12)
  3 black mambas
  4 torpor snails
  A centaur skeleton (D:14)
  4 yaktaurs (D:14)
  The ghost of emikaela the Digger, an experienced OpEE (D:5)
  4 large abominations (Abyss:1)
  2 golden dragon simulacra (IceCv)
  A hellwing (Orc:4)
  6 komodo dragons
  5 blue devils (IceCv)
  A fire drake (Lair:6)
  9 demonic crawlers
  A raiju (Abyss:1)
  38 merfolk
  2 deep elf priests (D:15)
  2 wind drakes (Shoals:4)
  10 trolls
  A wind drake (shapeshifter) (D:15)
  12 jumping spiders
  A boulder beetle (Lair:8)
  4 two-headed ogres
  2 polar bears
  7 slime creatures
  13 snapping turtles
  3 small abominations (Abyss:1)
  3 wyverns
  3 dire elephant simulacra (IceCv)
  28 blink frogs
  6 trapdoor spiders
  A ynoxinul (Abyss:1)
  A shadow (Abyss:1)
  30 redbacks
  63 yaks
  11 hippogriffs
  A deep elf fighter (D:15)
  5 wraiths
  6 basilisks
  2 deep elf magi (D:15)
  8 tarantellas
  A water elemental (Shoals:4)
  14 vampire mosquitoes
  10 wolves (Lair:6)
  2 neqoxecs (Abyss:1)
  A mottled dragon (D:15)
  A hungry ghost (D:12)
  An iron troll simulacrum (IceCv)
  2 harpy simulacra (IceCv)
  3 wargs
  15 water moccasins
  2 hydra simulacra (IceCv)
  An eye of draining (D:14)
  49 orc warriors
  16 spiders
  A wasp (D:13)
  2 phantoms
  19 centaurs
  A fire dragon simulacrum (Abyss:1)
  15 porcupines
  2 sky beasts
  10 ogres
  3 black bears
  2 necrophages
  17 crocodiles
  5 big kobolds
  A brain worm (D:15)
  A wyvern zombie (D:10)
  20 giant frogs
  A wyvern skeleton (D:9)
  11 wights
  A water moccasin skeleton (D:11)
  7 scorpions
  3 killer bees (D:11)
  11 electric eels
  3 hounds
  3 crimson imps
  5 jellies
  Crazy Yiuf (D:7)
  29 orc priests
  3 giant frog skeletons
  2 quasits
  15 iguanas
  23 orc wizards
  7 worker ants
  15 sheep
  A worker ant zombie (D:5)
  8 adders
  20 gnolls
  3 shadow imps
  100 river rats
  An ufetubus (Abyss:1)
  An ooze (D:3)
  4 worms
  2 adder skeletons
  8 giant geckos
  190 orcs
  6 bats (D:1)
  33 hobgoblins
  13 kobolds
  9 quokkas
  2 ball pythons (D:1)
  8 giant cockroaches
  A giant gecko skeleton (D:4)
  7 giant newts
  26 goblins
  7 jackals
  A jackal skeleton (D:5)
  A quokka skeleton (D:6)
  13 rats
  21 fungi
  41 plants
  14 tentacles
1517 creatures vanquished.

Vanquished Creatures (others)
  A water nymph (Shoals:4)
  An orc priest (D:13)
  An orc (D:13)
  9 fungi
  A lurking horror (Abyss:1)
  16 plants
  33 tentacles
  667 tentacle segments
729 creatures vanquished.

Grand Total: 2246 creatures vanquished

Notes
Turn   | Place    | Note
--------------------------------------------------------------
     0 | D:1      | DecibelRebel the Hill Orc Fighter began the quest for the Orb.
     0 | D:1      | Reached XP level 1. HP: 19/19 MP: 1/1
    43 | D:1      | Reached XP level 2. HP: 15/26 MP: 2/2
   132 | D:1      | Reached skill level 4 in Axes
   515 | D:1      | Reached XP level 3. HP: 28/31 MP: 3/3
   767 | D:2      | Reached skill level 5 in Axes
   966 | D:2      | Reached XP level 4. HP: 39/39 MP: 4/4
  1374 | D:3      | Reached skill level 6 in Axes
  1388 | D:3      | Found a glowing drain.
  1410 | Sewer    | Entered a sewer
  1490 | Sewer    | Noticed a big kobold
  1497 | Sewer    | Killed a big kobold
  1497 | Sewer    | Reached skill level 7 in Axes
  1497 | Sewer    | Reached XP level 5. HP: 33/45 MP: 5/5
  1515 | Sewer    | Found a white marble altar of Elyvilon.
  1848 | D:3      | Reached skill level 8 in Axes
  1848 | D:3      | Reached XP level 6. HP: 43/51 MP: 6/6
  2731 | D:4      | Reached skill level 9 in Axes
  2878 | D:4      | Reached XP level 7. HP: 44/57 MP: 7/7
  3121 | D:5      | Entered Level 5 of the Dungeon
  3121 | D:5      | Noticed emikaela's ghost (experienced OpEE)
  3139 | D:5      | Killed emikaela's ghost
  3139 | D:5      | Reached skill level 5 in Fighting
  3139 | D:5      | Reached skill level 10 in Axes
  3139 | D:5      | Reached XP level 8. HP: 54/69 MP: 8/8
  3141 | D:5      | Got a translucent leather armour
  3152 | D:5      | Identified the +2 leather armour "Hulame Noco" {+Fly rElec rF- rN++} (You found it on level 5 of the Dungeon)
  3533 | D:5      | Found a snail-covered altar of Cheibriados.
  3552 | D:5      | Found a shimmering altar of Xom.
  3555 | D:5      | Found a shattered altar of Ashenzari.
  3559 | D:5      | Found a sacrificial altar of Ru.
  3781 | D:5      | Found a bloodstained altar of Trog.
  4094 | D:6      | Reached skill level 11 in Axes
  4165 | D:6      | Found an ancient bone altar of Kikubaaqudgha.
  4436 | D:7      | Reached skill level 5 in Armour
  4583 | D:7      | Reached XP level 9. HP: 72/79 MP: 9/9
  4632 | D:7      | Found a staircase to the Ecumenical Temple.
  4708 | Temple   | Entered the Ecumenical Temple
  4993 | D:7      | Noticed Crazy Yiuf
  4999 | D:7      | Killed Crazy Yiuf
  5100 | D:8      | Reached skill level 12 in Axes
  5154 | D:8      | Got a slimy war axe
  5155 | D:8      | Identified the +11 war axe "Otzellugg" {freeze, Str+3 Int+2} (You found it on level 8 of the Dungeon)
  5199 | D:8      | Found Kaes's Book Shop.
  5528 | D:8      | Noticed a centaur zombie
  5537 | D:8      | Killed a centaur zombie
  5799 | D:8      | Found a sparkling altar of Nemelex Xobeh.
  5799 | D:8      | Found a shadowy altar of Dithmenos.
  5800 | D:8      | Found a basalt altar of Yredelemnul.
  6146 | D:9      | Reached XP level 10. HP: 87/93 MP: 10/10
  6155 | D:9      | Found an iron altar of Okawaru.
  6162 | D:9      | Became a worshipper of Warmaster Okawaru
  6183 | D:9      | Reached skill level 10 in Fighting
  6183 | D:9      | Reached skill level 13 in Axes
  6534 | D:9      | Noticed a three-headed hydra
  6679 | D:9      | Acquired Okawaru's first power
  6892 | D:9      | Killed an eight-headed hydra
  6945 | D:10     | Entered Level 10 of the Dungeon
  6962 | D:10     | Reached skill level 14 in Axes
  6981 | D:10     | Noticed a hill giant
  6989 | D:10     | Killed a hill giant
  7053 | D:10     | Found a flagged portal.
  7202 | D:10     | Found a staircase to the Lair.
  7202 | D:10     | Noticed an elephant
  7212 | D:10     | Killed an elephant
  7212 | D:10     | Reached XP level 11. HP: 32/104 MP: 11/11
  7506 | Bailey   | Entered a bailey
  7612 | Bailey   | Noticed an orc knight
  7620 | Bailey   | Killed an orc knight
  7768 | Bailey   | Noticed an orc warlord
  7768 | Bailey   | Noticed an orc knight
  7770 | Bailey   | Noticed an orc knight
  7779 | Bailey   | Killed an orc knight
  7779 | Bailey   | Reached skill level 15 in Axes
  7784 | Bailey   | Killed an orc warlord
  7786 | Bailey   | Killed an orc knight
  8430 | D:10     | Found a staircase to the Orcish Mines.
  8487 | Lair:1   | Entered Level 1 of the Lair of Beasts
  8799 | Lair:1   | Acquired Okawaru's second power
  9359 | Lair:2   | Received a gift from Okawaru
  9422 | Lair:2   | Reached skill level 16 in Axes
  9491 | Lair:2   | Reached XP level 12. HP: 115/115 MP: 12/12
  9543 | Lair:2   | Reached skill level 1 in Dodging
  9688 | Lair:2   | Reached skill level 10 in Armour
 10646 | Lair:3   | Noticed Sonja
 10650 | Lair:3   | Cast into the Abyss (Sonja)
 10705 | Abyss:1  | Noticed a cacodemon
 10749 | Abyss:1  | Noticed a thrashing horror
 10768 | Abyss:1  | Noticed a brown very ugly thing
 10781 | Abyss:1  | Noticed a starcursed mass
 10908 | Abyss:1  | Killed a thrashing horror
 10915 | Lair:3   | Escaped the Abyss
 11362 | Lair:3   | Received a gift from Okawaru
 11990 | Lair:4   | Got a shimmering mace
 12009 | Lair:4   | Identified the +4 mace of Crusades {crush, *Confuse +Rage Str-3 Int+6} (You found it on level 4 of the Lair of Beasts)
 12035 | Lair:4   | Noticed a four-headed hydra
 12045 | Lair:4   | Killed a ten-headed hydra
 12045 | Lair:4   | Reached XP level 13. HP: 63/125 MP: 13/13
 12118 | Lair:4   | Reached skill level 15 in Fighting
 13271 | Lair:6   | Found a staircase to the Shoals.
 13373 | Lair:6   | Found a hole to the Spider Nest.
 13382 | Lair:6   | Reached skill level 5 in Dodging
 13509 | Lair:6   | Identified a scroll of acquirement
 13526 | Lair:6   | Got a twitching turquoise ring
 13538 | Lair:6   | Identified the ring "Feebix" {rElec Slay+3} (You found it on level 6 of the Lair of Beasts)
 13561 | Lair:6   | Received a gift from Okawaru
 13667 | Lair:6   | Reached skill level 17 in Axes
 14489 | Lair:7   | Reached XP level 14. HP: 123/137 MP: 14/14
 14498 | Lair:7   | Reached skill level 18 in Axes
 14726 | Lair:7   | Gained mutation: You are surrounded by a mild repulsion field (EV +2). [potion of beneficial mutation]
 14727 | Lair:7   | Gained mutation: Your spells are a little harder to cast, but a little more powerful. [potion of mutation]
 14727 | Lair:7   | Gained mutation: You possess an exceptional clarity of mind. [potion of mutation]
 14727 | Lair:7   | Gained mutation: You have a pair of small horns on your head. [potion of mutation]
 14825 | Lair:7   | Reached skill level 19 in Axes
 14956 | Lair:7   | Gained mutation: Your flesh is heat resistant. [potion of mutation]
 14956 | Lair:7   | Gained mutation: Your body sometimes deteriorates upon taking damage. [potion of mutation]
 14957 | Lair:7   | Lost mutation: Your body sometimes deteriorates upon taking damage. [potion of mutation]
 14958 | Lair:7   | Lost mutation: You possess an exceptional clarity of mind. [potion of cure mutation]
 14958 | Lair:7   | Lost mutation: Your flesh is heat resistant. [potion of cure mutation]
 14958 | Lair:7   | Lost mutation: Your spells are a little harder to cast, but a little more powerful. [potion of cure mutation]
 14958 | Lair:7   | Lost mutation: You have a pair of small horns on your head. [potion of cure mutation]
 15394 | Lair:8   | Entered Level 8 of the Lair of Beasts
 15598 | Lair:8   | Received a gift from Okawaru
 15598 | Lair:8   | Reached skill level 20 in Axes
 15948 | Lair:8   | Received a gift from Okawaru
 15948 | Lair:8   | Reached skill level 21 in Axes
 15960 | Lair:8   | Reached XP level 15. HP: 52/144 MP: 15/15
 16400 | Lair:8   | Reached skill level 22 in Axes
 16809 | Lair:8   | Found a staircase to the Slime Pits.
 16809 | Lair:8   | Found a viscous altar of Jiyva.
 17026 | Lair:8   | Gained mutation: You possess an exceptional clarity of mind. [potion of mutation]
 17026 | Lair:8   | Gained mutation: You have a pair of small antennae on your head. [potion of mutation]
 17026 | Lair:8   | Gained mutation: Your skin changes colour to match your surroundings (Stealth). [potion of mutation]
 17443 | Lair:3   | Cast into the Abyss (Sonja)
 17645 | Abyss:1  | Gained mutation: You tend to lose your temper in combat. [a neqoxec]
 17646 | Abyss:1  | Gained mutation: You often lose your temper in combat. [a neqoxec]
 17796 | Abyss:1  | Received a gift from Okawaru
 17815 | Abyss:1  | Noticed a bone dragon
 17834 | Abyss:1  | Killed a bone dragon
 17834 | Abyss:1  | Reached skill level 23 in Axes
 17891 | Lair:3   | Escaped the Abyss
 18657 | D:11     | Noticed Gastronok
 18678 | D:11     | Killed Gastronok
 18678 | D:11     | Received a gift from Okawaru
 18686 | D:11     | Got a crude chain mail {god gift}
 18697 | D:11     | Identified the +0 chain mail of the Mackerel {rElec rCorr Int+2} (Okawaru gifted it to you on level 11 of the Dungeon)
 18947 | D:12     | Noticed Maurice
 18958 | D:12     | Killed Maurice
 19007 | D:12     | Found an opulent altar of Gozag.
 19242 | D:12     | Noticed Erolcha
 19250 | D:12     | Killed Erolcha
 19378 | D:13     | Reached skill level 24 in Axes
 19511 | D:13     | Reached XP level 16. HP: 144/151 MP: 16/16
 19620 | D:13     | Found an iron altar of Okawaru.
 20178 | D:14     | Noticed Josephine
 20184 | D:14     | Killed Josephine
 20209 | D:14     | Reached skill level 25 in Axes
 20237 | D:14     | Found a gate to the Vaults.
 20732 | D:14     | Found Afutz's Antique Weapon Emporium.
 20920 | D:15     | Entered Level 15 of the Dungeon
 20993 | D:15     | Got a shimmering marble ring
 20995 | D:15     | Identified the ring "Saofim" {*Drain +Fly rPois rF- Str+4} (You found it on level 15 of the Dungeon)
 21161 | D:15     | Received a gift from Okawaru
 21162 | D:15     | Got a warped battleaxe {god gift}
 21191 | D:15     | Identified the +4 battleaxe of Radicalism {elec, rC+ MR+} (Okawaru gifted it to you on level 15 of the Dungeon)
 21410 | D:15     | Found a staircase to the Depths.
 21507 | D:15     | Reached skill level 26 in Axes
 22136 | Orc:1    | Entered Level 1 of the Orcish Mines
 22811 | Orc:2    | Received a gift from Okawaru
 23398 | Orc:3    | Found a roughly hewn altar of Beogh.
 23545 | Orc:4    | Entered Level 4 of the Orcish Mines
 23781 | Orc:4    | Found Eheiddin's Distillery.
 23796 | Orc:4    | Found Vyhov's Distillery.
 23827 | Orc:4    | Bought a potion of heal wounds for 55 gold pieces
 23854 | Orc:4    | Reached XP level 17. HP: 134/160 MP: 17/17
 23919 | Orc:4    | Found Athraibi's Antique Weapon Emporium.
 24355 | Orc:4    | Received a gift from Okawaru
 24760 | Orc:4    | Received a gift from Okawaru
 24761 | Orc:4    | Got a pair of brightly glowing gloves {god gift}
 24772 | Orc:4    | Identified the +0 pair of gloves "Cuic" {rC+} (Okawaru gifted it to you on level 4 of the Orcish Mines)
 24782 | Orc:4    | Found Cajirat's Antique Weapon Shop.
 24782 | Orc:4    | Found a one-way gate leading to the halls of Pandemonium.
 24782 | Orc:4    | Found Yzxuh's Book Boutique.
 25092 | Orc:3    | Found a staircase to the Elven Halls.
 25132 | Orc:3    | Found Wialeupp's Weapon Emporium.
 25386 | Lair:3   | Killed Sonja
 25476 | Shoals:1 | Entered Level 1 of the Shoals
 25487 | Shoals:1 | Got a bound ivory amulet
 26092 | Shoals:2 | Found a frozen archway.
 26104 | IceCv    | Entered an ice cave
 26375 | IceCv    | Noticed an Ice Fiend
 26380 | IceCv    | Killed an Ice Fiend
 27659 | Shoals:3 | Received a gift from Okawaru
 27660 | Shoals:3 | Got a pair of pitted gloves {god gift}
 27876 | Shoals:3 | Noticed Polyphemus
 27901 | Shoals:3 | Killed Polyphemus
 27901 | Shoals:3 | Reached XP level 18. HP: 46/174 MP: 16/18
 28932 | Shoals:4 | Entered Level 4 of the Shoals
 28944 | Shoals:4 | Got a steaming turquoise ring
 28957 | Shoals:4 | Identified the +0 pair of gloves "Toejeom" {rPois rN++ Str-5 Stlth+} (Okawaru gifted it to you on level 3 of the Shoals)
 28958 | Shoals:4 | Identified the amulet "Xutuin" {Stasis rPois} (You found it on level 1 of the Shoals)
 29046 | Shoals:4 | Received a gift from Okawaru
 29051 | Shoals:4 | Got an ancient ring mail {god gift}
 29092 | Shoals:4 | Identified the +3 ring mail of the Townfolk {rElec} (Okawaru gifted it to you on level 4 of the Shoals)
 29313 | Shoals:4 | Noticed Ilsuiw
 30453 | Shoals:4 | Killed Ilsuiw
 30557 | Shoals:4 | Reached skill level 15 in Armour
 30719 | Shoals:4 | Identified the ring "Yshrittio" {*Corrode +Inv rPois rN+} (You found it on level 4 of the Shoals)
 30901 | Shoals:4 | Got an encrusted chain mail
 30999 | Shoals:4 | Identified the +5 chain mail of Duty {MP+9} (You found it on level 4 of the Shoals)
 31680 | Shoals:4 | Reached XP level 19. HP: 153/187 MP: 19/19
 31884 | Shoals:4 | Got a barnacled rune of Zot
 32301 | Spider:1 | Entered Level 1 of the Spider Nest
 32446 | Spider:1 | Noticed lordfwahfnah's ghost (powerful FoFi)
 32468 | Spider:1 | Killed lordfwahfnah's ghost
 32814 | Spider:1 | Received a gift from Okawaru
 32815 | Spider:1 | Got a scorched chain mail {god gift}
 32816 | Spider:1 | Identified the +2 chain mail "Fakhocka" {MR+} (Okawaru gifted it to you on level 1 of the Spider Nest)
 33354 | Spider:2 | Noticed Somebody's ghost (powerful OpEE)
 33364 | Spider:2 | Killed Somebody's ghost
 33617 | Spider:2 | HP: 1/190 [disintegration (36)]
 34604 | Spider:2 | Noticed Arachne
 34633 | Spider:2 | Killed Arachne
 35150 | Spider:3 | Noticed Agnes
 35158 | Spider:3 | Killed Agnes
 35332 | Spider:3 | Noticed Norris
 35342 | Spider:3 | Killed Norris
 35470 | Spider:3 | Noticed Mara
 35471 | Spider:3 | Noticed DecibelRebel's illusion
 35491 | Spider:3 | Killed DecibelRebel's illusion
 35495 | Spider:3 | Noticed DecibelRebel's illusion
 35511 | Spider:3 | Killed Mara
 35524 | Spider:3 | Killed from afar by Mara

Vault maps used:
D:1:      minmay_arrival_five_plusses
D:2:      first_bread
D:3:      portal_sewer_entry_b
D:4:      kennysheep_big_flooded_room, minmay_misc_feat_doors, minivault_14,
          kennysheep_small_circle
D:5:      grunt_temple_overflow_open, trog_butcher_becter
D:6:      forest_paths, lemuel_doored_altar, kennysheep_mini, bloody_makhleb,
          st_stairs_4, minivault_5
D:7:      minmay_temple_entry_butterflies, uniq_crazy_yiuf_cottage
D:8:      nicolae_overflow_hidden_temple, serial_shops, shop, minivault_26
D:9:      okawaru_metal_pillars_3, serial_bayou_pond_b, hangedman_ranch
D:10:     david_lair_generic, orc_0_dummy, lightli_bailey_entry_fortress,
          minmay_misc_feat_enclosed
D:11:     uniq_gastronok
D:12:     grunt_gozag_statues, uniq_erolcha, uniq_maurice
D:13:     basic_altar
D:14:     david_vaults_4, serial_shops, nicolae_shop_trees, uniq_josephine
D:15:     gammafunk_enter_depths_forms, hangedman_decor_push
Temple:   cyrus_temple_forest_13
Lair:1:   grunt_megastairs_5, lemuel_fruit_tree, serial_bayou_shore_b
Lair:2:   minmay_lair_oklob_tunnel, serial_bayou_shore_b
Lair:3:   st_stairs_3, infiniplex_staircase_pool_2, serial_bayou_shore_b,
          uniq_sonja
Lair:4:   serial_bayou, serial_bayou_pond_c, serial_bayou_ford_a,
          serial_bayou_lake_a, serial_bayou_crossing, serial_bayou_lagoon_a
Lair:5:   serial_bayou_pond_c
Lair:6:   elwin_shoals_entry_stream, spider_nest_entry_a, minivault_27,
          serial_bayou_shore_b
Lair:7:   serial_bayou_shore_a, grunt_megastairs_3
Lair:8:   evilmike_catoblepas_cave, slime_altar_1, lemuel_fruit_fields
Shoals:2: portal_ice_cave_entry_pillars_01
Shoals:3: uniq_polyphemus
Shoals:4: shoals_end_hangedman, shoal_ilsuiw,
          nicolae_shoals_stone_sculpture_thing
Spider:1: spider_trap
Spider:2: nicolae_spider_circle_web, uniq_arachne
Spider:3: nicolae_spider_cling_halls, uniq_agnes, uniq_norris, uniq_mara
Orc:2:    cheibrodos_orc_bank
Orc:3:    serial_shops, nicolae_shop_behind_doors, nicolae_orc_pool_cavern,
          nicolae_orc_lost_temple
Orc:4:    pf_orc_diabolical, serial_shops, shop
Sewer:    sewer_kobolds
Bailey:   bailey_axe_minmay_hex_keep, bailey
IceCv:    ice_cave_tombish

Action                   |  1- 3 |  4- 6 |  7- 9 | 10-12 | 13-15 | 16-18 | 19-21 || total
-------------------------+-------+-------+-------+-------+-------+-------+-------++-------
Melee: War axe           |   120 |   200 |   211 |   494 |   157 |       |       ||  1182
       Battleaxe         |       |       |    33 |       |       |   442 |       ||   475
       Executioner's axe |       |       |       |       |   585 |   866 |   323 ||  1774
Throw: Javelin           |       |       |       |       |       |     5 |       ||     5
Invok: Heroism           |       |       |       |     2 |       |     5 |     3 ||    10
       Finesse           |       |       |       |       |       |     2 |       ||     2
 Abil: Evoke Flight      |       |       |       |       |       |     4 |       ||     4
Evoke: Wand              |       |       |       |     1 |       |       |       ||     1
  Use: Scroll            |       |     3 |     4 |    20 |    13 |    13 |     2 ||    55
       Potion            |       |     1 |     1 |    20 |    14 |    18 |     6 ||    60
  Eat: Chunk             |       |     7 |     9 |    16 |    28 |    28 |     1 ||    89
       Fruit             |       |       |     1 |     3 |       |       |       ||     4
       Pizza             |       |       |       |     2 |     1 |     3 |       ||     6
       Royal jelly       |       |       |       |       |       |     2 |       ||     2
       Beef jerky        |       |       |       |       |       |     4 |     1 ||     5
       Meat ration       |       |       |       |       |       |       |     2 ||     2
